 Dungeon Crawl Stone Soup version 0.29.1-15-g9cfb28693d (webtiles) character file.

Game seed: 890828795917030264

1077 protoss039 the Digger (level 8, 60/60 HPs)
             Began as a Demonspawn Earth Elementalist on Mar 13, 2023.
             Got out of the dungeon alive.
             The game lasted 00:04:38 (5702 turns).

protoss039 the Digger (DsEE)                        Turns: 5702, Time: 00:04:39

Health: 60/60      AC:  9    Str: 10    XL:     8   Next: 8%
Magic:  14/14      EV: 12    Int: 18    God:
Gold:   281        SH:  0    Dex: 13    Spells: 9/15 levels left

rFire   . . .      SeeInvis .   g - +2 hand axe (freeze)
rCold   + + .      Faith    .   (no shield)
rNeg    + . .      Spirit   .   x - +2 robe of Lugonu's Hope {rC++ Will++ Archmagi}
rPois   +          Reflect  .   o - +0 helmet
rElec   .          Harm     .   A - +1 cloak {rPois}
rCorr   .          Rampage  .   (no gloves)
Will    ++...      Archmagi +   (no boots)
Stlth   ++........              (no amulet)
HPRegen 0.20/turn               w - ring of positive energy
MPRegen 0.14/turn               (no ring)

@: no status effects
A: claws 1, yellow scales 1, spiny 1, demonic magic 1
a: no special abilities


You escaped.
You visited 1 branch of the dungeon, and saw 4 of its levels.

You collected 281 gold pieces.

Inventory:

Hand Weapons
 g - a +2 hand axe of freezing (weapon)
 j - a +1 dagger of draining
Armour
 o - a +0 helmet (worn)
 x - the +2 robe of Lugonu's Hope (worn) {rC++ Will++ Archmagi}
   (You found it on level 4 of the Dungeon)

   rC:        It greatly protects you from cold.
   Archmagi:  It increases the power of your magical spells.
   Will:      It greatly increases your willpower.
 A - a +1 cloak of poison resistance (worn)
Magical Staves
 c - a staff of air
 p - a staff of cold
Jewellery
 w - a ring of positive energy (left claw)
Wands
 y - a wand of roots (9)
Scrolls
 a - 2 scrolls of fog
 d - a scroll of poison
 e - 3 scrolls of identify
 h - a scroll of magic mapping {unknown}
 i - a scroll of fear {unknown}
 k - a scroll of enchant armour {unknown}
 l - a scroll of acquirement {unknown}
 m - a scroll of amnesia {unknown}
 v - a scroll of brand weapon {unknown}
Potions
 b - a potion of magic
 f - 2 potions of degeneration {unknown}
 n - 2 potions of lignification {unknown}
 q - a potion of brilliance {unknown}
 r - 2 potions of flight {unknown}
 s - a potion of heal wounds {unknown}
 t - 3 potions of attraction {unknown}
 u - a potion of haste {unknown}
 z - a potion of curing {unknown}


   Skills:
 + Level 4.1 Fighting
 - Level 3.0 Armour
 - Level 1.7 Dodging
 - Level 1.7 Stealth
 + Level 4.4 Spellcasting
 + Level 3.8 Conjurations
 - Level 0.8 Transmutations
 + Level 4.9 Earth Magic


You had 9 spell levels left.
You knew the following spells:

 Your Spells              Type           Power      Damage    Failure   Level
a - Sandblast             Erth           64%        2d14      1%          1
b - Passwall              Tmut/Erth      17%        N/A       6%          2
c - Stone Arrow           Conj/Erth      58%        3d10      7%          3

Your spell library contained the following spells:

 Spells                   Type           Power      Damage    Failure   Level
 Apportation              Tloc           12%        N/A       14%         1
 Necrotise                Necr           24%        1d5       14%         1
 Summon Small Mammal      Summ           24%        N/A       14%         1
 Ensorcelled Hibernation  Hex/Ice        12%        N/A       22%         2
 Spider Form              Tmut/Pois      8%         N/A       34%         3
 Petrify                  Tmut/Erth      21%        N/A       38%         4
 Anguish                  Hex/Necr       3%         N/A       80%         4


Dungeon Overview and Level Annotations

Branches:
Dungeon (4/15) Zot: 18224
 Temple: D:4-7

Altars:
Ashenzari
Cheibriados
Gozag
Okawaru
Xom


Innate Abilities, Weirdness & Mutations

You have sharp fingernails.
You are partially covered in yellow scales. (AC +2)
You are partially covered in sharp spines.
Spells you cast may paralyse adjacent enemies.


Message History

You start putting on your armour.
You continue putting on your +1 cloak of poison resistance. x4
You finish putting on your +1 cloak of poison resistance.
You feel resistant to poison.
Unknown command.
You see here a +4 hammer.
Done exploring.
Done exploring.
Done exploring.
Done exploring.
Done exploring.
Search for what [Enter for "."]? .
Okay, then.
Done exploring.
(D) Dungeon
Where to? (Enter - D:3 @ (x,y), ? - help)
What level of the Dungeon? (default 1, ? - help)
There is an open translucent door here.
Things that are here:
a +3 quarterstaff of chaos; the gnoll corpse of Crazy Yiuf
There is an open door here.
There is a shimmering altar of Xom here.
There is an open door here.
There is a stone staircase leading up here.
You climb upwards.
There is a stone staircase leading down here.
You see here a +0 sling.
There is a stone staircase leading up, spattered with blood here.
You climb upwards.
There is a stone staircase leading down here.
There is a stone staircase leading up here.
You climb upwards.
There is a stone staircase leading down here.
(D) Dungeon
Where to? (Enter - D:1, ? - help)
What level of the Dungeon? (default 1, ? - help) You're already here!
There is a staircase leading out of the dungeon here.
Are you sure you want to leave the Dungeon?
This will make you lose the game!
You have escaped!

######.........# #. #####.#####
#. #.# #. ##########.# ##
........##.# #######.##.#
#######.##.############### #####
......#..................####....
...........##...@...##.....##....
#.....#..................#....##.
#.#.#.#.#####################.##.
#.......#..PP..PP.P♣P♣ #.##.
#.###.###.PPP.P♣P♣..P.♣ #.##.
#.....# #.P.♣.♣♣PP.♣..♣ #....
..#####


#PPPPP.P.♣.P..P #.... ### #P♣P♣♣PP.PP♣PP. ####. # ##. There were no monsters in
sight!

Vanquished Creatures
  Eustachio (D:4)
  Menkaure (D:4)
  Duvessa (D:4)
  2 ogres (D:4)
  A phantom (D:4)
  Dowan (D:4)
  3 crimson imps (D:4)
  An orc priest (D:3)
  A hound (D:4)
  Crazy Yiuf (D:4)
  Ijyb (D:4)
  Robin (D:3)
  8 adders
  3 worms
  2 dart slugs
  7 orcs
  9 endoplasms
  4 giant cockroaches
  19 goblins
  7 hobgoblins
  6 kobolds
  3 quokkas
  7 ball pythons
  4 bats
  A frilled lizard (D:3)
  4 rats
99 creatures vanquished.

Vanquished Creatures (others)
  4 fungi (D:4)
4 creatures vanquished.

Grand Total: 103 creatures vanquished

Notes
Turn   | Place    | Note
-------+----------+-------------------------------------------
     0 | D:1      | protoss039 the Demonspawn Earth Elementalist began the
                  | quest for the Orb.
     0 | D:1      | Reached XP level 1. HP: 13/13 MP: 3/3
  1055 | D:1      | Gained mutation: You are partially covered in sharp spines.
                  | [demonic ancestry]
  1055 | D:1      | Reached XP level 2. HP: 9/20 MP: 3/5
  1434 | D:1      | Learned a level 2 spell: Passwall
  1588 | D:2      | Reached skill level 1 in Fighting
  1785 | D:2      | Identified the +1 robe "Zudinoth" {+Inv}
  1942 | D:2      | Found a faded altar of an unknown god.
  1968 | D:2      | Reached XP level 3. HP: 26/26 MP: 3/6
  2230 | D:2      | Learned a level 3 spell: Stone Arrow
  2231 | D:3      | Noticed Robin
  2739 | D:3      | Killed Robin
  2833 | D:3      | Reached skill level 1 in Armour
  2833 | D:3      | Gained mutation: You have sharp fingernails. [demonic
                  | ancestry]
  2833 | D:3      | Reached XP level 4. HP: 33/33 MP: 5/8
  2960 | D:3      | Reached skill level 1 in Conjurations
  2988 | D:3      | Identified the +6 short sword "Kian" {venom, rN+ Str+8}
  3013 | D:3      | Found a snail-covered altar of Cheibriados.
  3016 | D:3      | Found an iron altar of Okawaru.
  3333 | D:3      | Found a broken altar of Ashenzari.
  3533 | D:4      | Reached XP level 5. HP: 34/38 MP: 6/9
  3700 | D:4      | Found an opulent altar of Gozag.
  3778 | D:4      | Noticed an ogre
  3786 | D:4      | Noticed a phantom
  3787 | D:4      | Killed an ogre
  3792 | D:4      | Killed a phantom
  3793 | D:4      | Reached XP level 6. HP: 20/46 MP: 0/11
  4159 | D:4      | Noticed Dowan
  4159 | D:4      | Noticed Duvessa
  4175 | D:4      | Killed Duvessa
  4179 | D:4      | Killed Dowan
  4180 | D:4      | Gained mutation: You are partially covered in yellow
                  | scales. (AC +2) [demonic ancestry]
  4180 | D:4      | Reached XP level 7. HP: 29/52 MP: 9/12
  4313 | D:4      | Identified the +2 robe of Lugonu's Hope {rC++ Will++
                  | Archmagi}
  4585 | D:4      | Found a shimmering altar of Xom.
  4641 | D:4      | Noticed Menkaure
  4646 | D:4      | Killed Menkaure
  4746 | D:4      | Found a runed translucent door.
  4747 | D:4      | Noticed Crazy Yiuf
  5238 | D:4      | Noticed Eustachio
  5248 | D:4      | Killed Eustachio
  5249 | D:4      | Gained mutation: Spells you cast may paralyse adjacent
                  | enemies. [demonic ancestry]
  5249 | D:4      | Reached XP level 8. HP: 47/60 MP: 2/14
  5374 | D:4      | Noticed Ijyb
  5381 | D:4      | Killed Ijyb
  5526 | D:4      | Killed Crazy Yiuf
  5702 | D:$      | Got out of the dungeon alive.

Illustrated notes

Levels and vault maps discovered:
D:1:      minmay_arrival_arboretum_small, layout_loops_corners
D:2:      layout_basic, ebering_ecumenical_altar_abandoned, minmay_statues_item,
          minmay_misc_feat_pillars
D:3:      layout_rooms, cheibriados_altar_1, okawaru_gym_becter,
          mainiacjoe_overflow_concentric_impassable,
          mainiacjoe_overflow_alcove_2, uniq_robin
D:4:      wad_river_or_something, layout_basic, led_xom_imps,
          old_standard_altar, dreamdust_mushroom_princess, minmay_ogre_servants,
          uniq_menkaure, uniq_ijyb, uniq_crazy_yiuf_cottage, uniq_duvessa,
          uniq_eustachio

Skill      XL: |  1  2  3  4  5  6  7 |
---------------+----------------------+-----
Fighting       | 1 2 3 4 |  4.1
Earth Magic    | 3 4 |  4.9
Armour         | 1 2 3 |  3.0
Conjurations   | 1 2 3 |  3.8
Spellcasting   | 3 4 |  4.4
Dodging        | |  1.7
Stealth        | |  1.7
Transmutations | |  0.8

Action                   |  1- 3 |  4- 6 |  7- 9 || total
-------------------------+-------+-------+-------++-------
Melee: Staff             |    28 |       |       ||    28
       Hand axe          |    28 |    54 |    24 ||   106
       Punch             |     1 |       |       ||     1
       Dagger            |       |     5 |       ||     5
 Cast: Sandblast         |    21 |    28 |    16 ||    65
       Stone Arrow       |       |       |     7 ||     7
  Use: Scroll            |       |     2 |       ||     2
 Stab: Sleeping          |     6 |     1 |     2 ||     9
       Distracted        |       |     1 |       ||     1
Armor: Robe              |    22 |    16 |    12 ||    50
Dodge: Dodged            |    61 |    47 |    17 ||   125
